[ AOE2 MATCH · #513669440 ]
UnrankedArmenians vs Huns
Player's team · WIN
Rival team · LOSS
[ REPLAY ANALYSIS · EXTRACTED FROM THE RECORDED GAME ]
Feudal
11:22
Castle
18:27
Imperial
38:15
| APM avg | 52.6 |
| APM peak | 110 |
| eAPM avg | 28.0 |
| Villagers / military | 125 / 433 |
Focus
⚔️ 42.7% · 🌾 57.3%
Militia ×197 · Composite Bowman ×91 · Spearman ×61 · Skirmisher ×46 · Battering Ram ×23 · Warrior Priest ×7
Feudal
9:15
Castle
20:19
Imperial
33:54
| APM avg | 43.4 |
| APM peak | 79 |
| eAPM avg | 22.1 |
| Villagers / military | 153 / 326 |
Focus
⚔️ 41.9% · 🌾 58.1%
Scout Cavalry ×128 · Cavalry Archer ×104 · Tarkan ×61 · Archer ×16 · Battering Ram ×5 · Trebuchet (Packed) ×5
Match map
Initial resources + every placement click. Lines = walls · curves = elevation contours. ◆ gold · ⬟ stone · ● berries · ✦ relic · ◌ wall gap
Your base· ✓ Closed at 18:27 · 0t walls · 2 gate(s)
Retentio's base· ✓ Closed at 20:19 · 0t walls · 2 gate(s)
Smoothed initial terrain · ◌ = detected wall gap · hover for details
Inputs per minute
— costel98 - - Retentio
Build order — costel98
First 150 of 589 actions detected
| 0:00 | Queue | Villager (Male) |
| 0:01 | Queue | Villager (Male) |
| 0:01 | Queue | Villager (Male) |
| 0:02 | Build | House |
| 0:03 | Build | House |
| 0:06 | Queue | Villager (Male) |
| 1:27 | Queue | Villager (Male) |
| 2:00 | Queue | Villager (Male) |
| 2:00 | Queue | Villager (Male) |
| 2:19 | Queue | Villager (Male) |
| 2:34 | Build | Mule Cart |
| 2:45 | Queue | Villager (Male) |
| 3:04 | Queue | Villager (Male) |
| 3:39 | Queue | Villager (Male) |
| 3:49 | Build | House |
| 4:26 | Queue | Villager (Male) |
| 4:41 | Build | Mill |
| 4:56 | Queue | Villager (Male) |
| 5:19 | Queue | Villager (Male) |
| 5:20 | Queue | Villager (Male) |
| 5:27 | Queue | Villager (Male) |
| 5:35 | Build | House |
| 6:22 | Queue | Villager (Male) |
| 6:22 | Queue | Villager (Male) |
| 7:13 | Build | Farm |
| 7:15 | Build | Farm |
| 7:18 | Build | Farm |
| 7:25 | Build | Farm |
| 7:26 | Queue | Villager (Male) |
| 7:33 | Build | House |
| 7:43 | Build | Farm |
| 7:46 | Build | Farm |
| 7:54 | Queue | Villager (Male) |
| 7:59 | Build | Mule Cart |
| 8:22 | Research | Feudal Age |
| 8:40 | Queue | Villager (Male) |
| 8:47 | Research | Loom |
| 8:48 | Research | Feudal Age |
| 9:06 | Queue | Villager (Male) |
| 9:56 | Build | House |
| 10:06 | Build | Barracks |
| 10:36 | Queue | Villager (Male) |
| 10:36 | Queue | Villager (Male) |
| 10:53 | Queue | Spearman |
| 10:59 | Build | Mule Cart |
| 11:02 | Queue | Villager (Male) |
| 11:11 | Queue | Militia |
| 11:22 | Age | Feudal Age |
| 11:27 | Build | Watch Tower |
| 11:37 | Build | Watch Tower |
| 11:57 | Queue | Villager (Male) |
| 12:07 | Build | Blacksmith |
| 12:32 | Queue | Villager (Male) |
| 12:37 | Build | House |
| 12:57 | Build | Archery Range |
| 13:25 | Build | House |
| 13:28 | Queue | Villager (Male) |
| 13:33 | Research | Fletching |
| 14:01 | Build | Archery Range |
| 14:06 | Queue | Villager (Male) |
| 14:37 | Queue | Villager (Male) |
| 14:52 | Queue | Villager (Male) |
| 15:47 | Research | Castle Age |
| 15:51 | Research | Padded Archer Armor |
| 15:51 | Research | Padded Archer Armor |
| 16:05 | Build | Mule Cart |
| 16:15 | Build | Farm |
| 16:20 | Research | Horse Collar |
| 16:40 | Build | Farm |
| 16:53 | Research | Double-Bit Axe |
| 17:14 | Build | Farm |
| 17:30 | Build | Farm |
| 17:35 | Queue | Skirmisher |
| 17:36 | Queue | Skirmisher |
| 17:39 | Queue | Skirmisher |
| 17:39 | Queue | Skirmisher |
| 17:52 | Build | Farm |
| 18:08 | Build | House |
| 18:14 | Queue | Villager (Male) |
| 18:18 | Queue | Villager (Male) |
| 18:27 | Age | Castle Age |
| 18:40 | Build | House |
| 18:45 | Research | Elite Skirmisher (upgrade) |
| 18:47 | Queue | Villager (Male) |
| 18:49 | Research | Bodkin Arrow |
| 18:58 | Queue | Skirmisher |
| 19:11 | Build | House |
| 19:12 | Queue | Villager (Male) |
| 19:13 | Queue | Skirmisher |
| 19:23 | Build | Farm |
| 19:32 | Queue | Villager (Male) |
| 19:41 | Queue | Skirmisher |
| 19:42 | Queue | Villager (Male) |
| 19:49 | Build | Town Center |
| 20:01 | Queue | Skirmisher |
| 20:01 | Queue | Villager (Male) |
| 20:17 | Queue | Villager (Male) |
| 20:25 | Build | Monastery |
| 20:32 | Queue | Villager (Male) |
| 20:33 | Queue | Skirmisher |
| 21:18 | Build | Siege Workshop |
| 21:36 | Queue | Villager (Male) |
| 21:37 | Queue | Villager (Male) |
| 21:46 | Queue | Villager (Male) |
| 21:50 | Research | Leather Archer Armor |
| 21:51 | Research | Leather Archer Armor |
| 21:53 | Queue | Villager (Male) |
| 22:00 | Build | Town Center |
| 22:02 | Queue | Warrior Priest |
| 22:17 | Queue | Villager (Male) |
| 22:17 | Queue | Villager (Male) |
| 22:22 | Build | Farm |
| 22:24 | Build | Farm |
| 22:57 | Queue | Battering Ram |
| 23:00 | Queue | Villager (Male) |
| 23:04 | Queue | Warrior Priest |
| 23:17 | Queue | Villager (Male) |
| 23:17 | Queue | Villager (Male) |
| 23:33 | Build | House |
| 23:33 | Build | House |
| 23:35 | Build | Farm |
| 23:38 | Build | Farm |
| 23:40 | Build | Farm |
| 23:44 | Build | Farm |
| 23:48 | Build | Farm |
| 23:49 | Queue | Villager (Male) |
| 23:49 | Queue | Villager (Male) |
| 24:09 | Queue | Mangonel |
| 24:19 | Queue | Villager (Male) |
| 24:19 | Queue | Villager (Male) |
| 24:22 | Queue | Villager (Male) |
| 24:22 | Queue | Villager (Male) |
| 24:44 | Queue | Villager (Male) |
| 24:46 | Build | Farm |
| 24:47 | Build | Farm |
| 24:54 | Build | Farm |
| 24:55 | Build | Farm |
| 25:22 | Queue | Warrior Priest |
| 25:39 | Queue | Skirmisher |
| 25:39 | Queue | Skirmisher |
| 25:45 | Research | Sanctity |
| 25:45 | Queue | Villager (Male) |
| 25:45 | Queue | Villager (Male) |
| 26:00 | Queue | Villager (Male) |
| 26:00 | Queue | Villager (Male) |
| 26:06 | Queue | Villager (Male) |
| 26:27 | Research | Squires |
| 26:27 | Research | Squires |
| 26:42 | Queue | Villager (Male) |
| 26:42 | Queue | Villager (Male) |
Build order — Retentio
First 150 of 592 actions detected
| 0:00 | Queue | Villager (Male) |
| 0:01 | Queue | Villager (Male) |
| 0:01 | Queue | Villager (Male) |
| 0:08 | Queue | Villager (Male) |
| 0:08 | Queue | Villager (Male) |
| 1:20 | Queue | Villager (Male) |
| 1:52 | Build | Lumber Camp |
| 1:56 | Queue | Villager (Male) |
| 1:59 | Queue | Villager (Male) |
| 2:28 | Queue | Villager (Male) |
| 2:56 | Queue | Villager (Male) |
| 3:31 | Queue | Villager (Male) |
| 3:31 | Queue | Villager (Male) |
| 4:10 | Queue | Villager (Male) |
| 4:21 | Queue | Villager (Male) |
| 4:37 | Queue | Villager (Male) |
| 4:41 | Build | Mill |
| 4:50 | Queue | Villager (Male) |
| 5:14 | Queue | Villager (Male) |
| 5:29 | Research | Loom |
| 5:33 | Queue | Villager (Male) |
| 6:30 | Research | Loom |
| 6:47 | Research | Feudal Age |
| 6:47 | Research | Feudal Age |
| 7:15 | Build | Mining Camp |
| 7:45 | Queue | Villager (Male) |
| 7:45 | Queue | Villager (Male) |
| 8:21 | Build | Barracks |
| 9:15 | Age | Feudal Age |
| 9:34 | Queue | Villager (Male) |
| 9:45 | Build | Archery Range |
| 10:00 | Queue | Villager (Male) |
| 10:07 | Research | Double-Bit Axe |
| 10:16 | Build | Blacksmith |
| 10:20 | Queue | Villager (Male) |
| 10:24 | Queue | Archer |
| 10:36 | Build | Mining Camp |
| 10:38 | Queue | Villager (Male) |
| 10:53 | Queue | Archer |
| 11:01 | Queue | Villager (Male) |
| 11:10 | Queue | Archer |
| 11:17 | Queue | Archer |
| 11:27 | Build | Watch Tower |
| 11:32 | Build | Farm |
| 11:39 | Queue | Villager (Male) |
| 12:02 | Queue | Villager (Male) |
| 12:29 | Queue | Villager (Male) |
| 12:38 | Queue | Villager (Male) |
| 12:41 | Build | Farm |
| 12:42 | Build | Farm |
| 12:51 | Build | Farm |
| 13:12 | Build | Watch Tower |
| 13:22 | Queue | Villager (Male) |
| 13:24 | Build | Farm |
| 13:26 | Build | Farm |
| 13:28 | Build | Farm |
| 13:30 | Build | Farm |
| 13:33 | Queue | Villager (Male) |
| 13:40 | Build | Market |
| 13:53 | Build | Farm |
| 13:54 | Queue | Villager (Male) |
| 13:58 | Build | Farm |
| 14:28 | Queue | Villager (Male) |
| 14:33 | Build | Farm |
| 14:37 | Research | Wheelbarrow |
| 14:44 | Queue | Archer |
| 14:57 | Queue | Villager (Male) |
| 15:07 | Build | Watch Tower |
| 15:19 | Queue | Archer |
| 15:21 | Queue | Villager (Male) |
| 15:43 | Queue | Archer |
| 16:05 | Queue | Villager (Male) |
| 16:07 | Build | Farm |
| 16:11 | Build | Farm |
| 16:15 | Build | Farm |
| 16:21 | Queue | Archer |
| 16:38 | Queue | Villager (Male) |
| 16:55 | Queue | Archer |
| 16:57 | Queue | Villager (Male) |
| 16:59 | Build | Farm |
| 17:00 | Build | Farm |
| 17:06 | Build | Lumber Camp |
| 17:09 | Queue | Villager (Male) |
| 17:39 | Research | Castle Age |
| 17:39 | Research | Castle Age |
| 17:52 | Queue | Archer |
| 18:16 | Queue | Archer |
| 18:43 | Research | Gold Mining |
| 18:44 | Research | Stone Mining |
| 18:51 | Queue | Archer |
| 19:17 | Build | Archery Range |
| 19:35 | Queue | Villager (Male) |
| 19:35 | Queue | Villager (Male) |
| 20:19 | Age | Castle Age |
| 20:28 | Build | Monastery |
| 20:32 | Queue | Cavalry Archer |
| 20:32 | Queue | Cavalry Archer |
| 20:44 | Research | Fletching |
| 20:46 | Queue | Villager (Male) |
| 21:19 | Queue | Villager (Male) |
| 21:22 | Queue | Villager (Male) |
| 21:39 | Queue | Monk |
| 22:00 | Build | Siege Workshop |
| 22:04 | Research | Bodkin Arrow |
| 22:05 | Queue | Villager (Male) |
| 22:13 | Queue | Monk |
| 22:19 | Queue | Villager (Male) |
| 22:23 | Queue | Villager (Male) |
| 22:36 | Build | Town Center |
| 22:53 | Queue | Villager (Male) |
| 23:01 | Queue | Mangonel |
| 23:04 | Queue | Villager (Male) |
| 23:33 | Queue | Villager (Male) |
| 23:40 | Research | Bow Saw |
| 24:06 | Queue | Villager (Male) |
| 24:15 | Queue | Cavalry Archer |
| 24:15 | Queue | Cavalry Archer |
| 24:15 | Queue | Cavalry Archer |
| 24:37 | Queue | Mangonel |
| 24:45 | Queue | Villager (Male) |
| 25:19 | Queue | Cavalry Archer |
| 25:20 | Queue | Cavalry Archer |
| 25:20 | Queue | Cavalry Archer |
| 25:20 | Queue | Cavalry Archer |
| 25:24 | Research | Padded Archer Armor |
| 25:44 | Queue | Cavalry Archer |
| 25:44 | Queue | Cavalry Archer |
| 25:46 | Queue | Villager (Male) |
| 25:46 | Queue | Villager (Male) |
| 25:49 | Queue | Villager (Male) |
| 25:54 | Queue | Villager (Male) |
| 25:57 | Queue | Villager (Male) |
| 26:09 | Build | Stable |
| 26:20 | Queue | Villager (Male) |
| 26:27 | Queue | Cavalry Archer |
| 26:27 | Queue | Cavalry Archer |
| 26:28 | Queue | Villager (Male) |
| 26:57 | Research | Bloodlines |
| 26:58 | Research | Husbandry |
| 26:59 | Queue | Villager (Male) |
| 27:01 | Queue | Villager (Male) |
| 27:10 | Queue | Cavalry Archer |
| 27:10 | Queue | Cavalry Archer |
| 27:11 | Queue | Villager (Male) |
| 27:24 | Queue | Villager (Male) |
| 27:27 | Queue | Monk |
| 27:39 | Queue | Villager (Male) |
| 27:44 | Build | University |
| 27:48 | Research | Horse Collar |
| 27:48 | Research | Horse Collar |
Match timeline
| 8:21 | Retentio · first_building Barracks |
| 9:15 | Retentio · age_up feudal |
| 9:45 | Retentio · first_building Archery Range |
| 10:06 | costel98 · first_building Barracks |
| 11:22 | costel98 · age_up feudal |
| 12:57 | costel98 · first_building Archery Range |
| 17:29 | Retentio · first_market_buy 100 food |
| 18:27 | costel98 · age_up castle |
| 20:19 | Retentio · age_up castle |
| 20:25 | costel98 · first_building Monastery |
| 20:28 | Retentio · first_building Monastery |
| 21:18 | costel98 · first_building Siege Workshop |
| 22:00 | Retentio · first_building Siege Workshop |
| 24:30 | Retentio · first_market_sell 100 food |
| 26:09 | Retentio · first_building Stable |
| 30:27 | costel98 · first_building Castle |
| 32:03 | Retentio · first_building Castle |
| 32:42 | costel98 · wall_segment Stone Wall x1 |
| 33:54 | Retentio · age_up imperial |
| 37:23 | costel98 · wall_segment Stone Wall x6 |
| 37:30 | costel98 · wall_segment Stone Wall x1 |
| 38:15 | costel98 · age_up imperial |
| 47:16 | costel98 · wall_segment Stone Wall x1 |
| 57:47 | Retentio · resign |
[ AI ANALYSIS · 1 CREDIT ]
What really happened in this match?
Wolo.gg analyzes every decision: build order, eco, micro, common mistakes by bracket. Personalized analysis on WhatsApp or Discord in 30 seconds.
Civ guide
Armenians
Perfil
costel98